 Dungeon Crawl Stone Soup version 0.15.0-18-g9076a4f (webtiles) character file.

54 MDvedh the Caller (level 3, 0/20 HPs)
             Began as a Gargoyle Summoner on Sept 7, 2014.
             Killed from afar by an orc wizard (7 damage)
             ... with a puff of flame
             ... on Level 3 of the Dungeon.
             The game lasted 00:02:57 (1821 turns).

MDvedh the Caller (Gargoyle Summoner)               Turns: 1821, Time: 00:02:58

HP   0/20        AC  9     Str 12      XL: 3   Next: 91%
MP   6/6         EV  7     Int 15      God:
Gold 52          SH  0     Dex 10      Spells:  1 memorised,  5 levels left

rFire  . . .     SeeInvis .     f - +0 mace
rCold  . . .     Clarity  .     k - +0 scale mail
rNeg   + . .     rCorr    .     (no shield)
rPois  +         rRot     +     (no helmet)
rElec  +         Spirit   .     (no cloak)
SustAb .         Warding  .     (no gloves)
rMut   .         Stasis   .     (no boots)
Gourm  .                        (no amulet)
MR     .....                    (no ring)
                                (no ring)

@: not resistant to hostile enchantments, extremely unstealthy
A: negative energy resistance 1, electricity resistance, unbreathing,
petrification resistance, rot immunity, AC +3
a: no special abilities


You were on level 3 of the Dungeon.
You were very hungry.

You visited 1 branch of the dungeon, and saw 3 of its levels.

You collected 52 gold pieces.

Inventory:

Hand weapons
 f - a +0 mace (weapon)
Armour
 k - a +0 scale mail (worn)
Comestibles
 c - 2 bread rations
 l - 2 fruits
Scrolls
 a - 2 scrolls of fear {unknown}
 e - a scroll of recharging {unknown}
 g - 2 scrolls of immolation {unknown}
 h - a scroll of enchant armour {unknown}
 i - 2 scrolls of identify {unknown}
Potions
 d - a potion of restore abilities {unknown}
 j - a potion of cancellation {unknown}
Books
 b - a book of Callings

   Spells                             Type                      Level
   *Summon Small Mammal               Summoning                    1
   Call Imp                           Summoning                    2
   Call Canine Familiar               Summoning                    3
   Summon Guardian Golem              Hexes/Summoning              4
   Summon Lightning Spire             Summoning/Air                4
   Summon Ice Beast                   Ice/Summoning                4


   Skills:
 - Level 0.9 Fighting
 + Level 3.1 Maces & Flails
 - Level 1.5 Dodging
 - Level 2.1 Stealth
 - Level 2.0 Spellcasting
 - Level 3.6 Summonings


You had 5 spell levels left.
You knew the following spells:

 Your Spells              Type           Power        Failure   Level  Hunger
a - Summon Small Mammal   Summ           ##..         38%         1    #......


Dungeon Overview and Level Annotations

Branches:
Dungeon (3/15)

Altars:
Zin


Innate Abilities, Weirdness & Mutations

You are resistant to torment.
You are immune to poison.
Your stone body is very resilient (AC +3).
You resist negative energy.
You are resistant to electric shocks.
You can survive without breathing.
You are immune to petrification.
You are immune to rotting.


Message History

Something tries to affect you, but you resist.
You miss something.
You hear some strange, mumbled words.
The puff of flame hits you!
Unknown command.
You completely miss something. Something hits you.
You barely miss something. Something hits you but does no damage.
You hear some strange, mumbled words.
The puff of flame hits you!
You barely miss something. Something hits you but does no damage.
You closely miss something. Something hits you but does no damage.
Unknown command.
You hit something but do no damage.
An orc wizard appears from thin air!
Reactivating autopickup.
The orc wizard barely misses you.
You closely miss the orc wizard.
The orc wizard hits you but does no damage.
The orc wizard points at you and mumbles some strange words.
The puff of flame hits you!
You die...

#### #....... ...
#....... #..
#...(... #.#
#....... #.#
#....... ####.####
#.##.#.#
#.......###.##....
#.##.##.##...###..
#@##.........# #..
#o#####.##..>.....
#g#####.###.#####.
###oo.....# #.# ..
#####...%...###
#.. ..
.$........##.#
#### ##
.####.##.## # #.
#.. #. ###.


You could see an orc wizard, 2 orcs and a goblin.

Vanquished Creatures
  A giant mite (D:2)
  A worm (D:2)
  A giant gecko (D:2)
  An ooze (D:2)
  2 orcs (D:3)
  2 goblins (D:1)
  A hobgoblin (D:1)
  3 ball pythons
  8 bats
  4 giant cockroaches
  2 giant newts
  6 kobolds
  A rat (D:1)
33 creatures vanquished.

Vanquished Creatures (collateral kills)
  A giant mite (D:2)
1 creature vanquished.

Vanquished Creatures (others)
  A quokka (D:2)
1 creature vanquished.

Grand Total: 35 creatures vanquished

Notes
Turn   | Place    | Note
--------------------------------------------------------------
     0 | D:1      | MDvedh, the Gargoyle Summoner, began the quest for the Orb.
     0 | D:1      | Reached XP level 1. HP: 10/10 MP: 3/3
   261 | D:1      | Reached skill level 1 in Maces & Flails
   263 | D:1      | Reached XP level 2. HP: 11/16 MP: 4/4
  1129 | D:2      | Reached XP level 3. HP: 7/20 MP: 4/6
  1424 | D:2      | Found a glowing silver altar of Zin.
  1821 | D:3      | Killed from afar by an orc wizard

Action                   || total
-------------------------++-------
Melee: Mace              ||   128
       Unarmed           ||    13
 Cast: Summon Small Mamm ||     1
 Stab: Sleeping          ||     1
  Eat: Chunk             ||     2
